 Dungeon Crawl Stone Soup version 0.21.1-1-g345015f (webtiles) character file.

1566 teukkam the Fighter (level 8, -4/79 HPs)
             Began as a Minotaur Fighter on Feb 19, 2018.
             Was an Initiate of Wu Jian.
             Slain by an ogre
             ... wielding a cursed -1 giant club
              (23 damage)
             ... on level 7 of the Dungeon on Feb 21, 2018.
             The game lasted 00:21:14 (5572 turns).

teukkam the Fighter (Minotaur Fighter)              Turns: 5572, Time: 00:21:15

Health: -4/79      AC:  7    Str: 23    XL:     8   Next: 59%
Magic:  7/7        EV:  7    Int:  5    God:    Wu Jian [......]
Gold:   453        SH:  9    Dex: 10    Spells: 7/7 levels left

rFire    + . .     SeeInvis +   a - +0 trident (venom)
rCold    + . .     Gourm    .   c - +0 shield
rNeg     . . .     Faith    .   w - +0 scale mail
rPois    +         Spirit   .   (helmet restricted)
rElec    .         Reflect  .   n - scarf {rC+ rF+}
rCorr    .         Harm     .   (no gloves)
MR       .....                  (no boots)
Stlth    ..........             q - amulet of rage
HPRegen  0.23/turn              t - ring of see invisible
MPRegen  0.10/turn              E - ring of poison resistance

@: no status effects
A: retaliatory headbutt, horns 2
a: Renounce Religion, Evoke Berserk Rage


You were on level 7 of the Dungeon.
You worshipped Wu Jian.
Wu Jian was noncommittal.
You were not hungry.

You visited 2 branches of the dungeon, and saw 8 of its levels.

You collected 453 gold pieces.

Inventory:

Hand Weapons
 a - a +0 trident of venom (weapon)
 b - a +0 blowgun
 j - a +0 war axe
 x - a +2 short sword of protection
 z - a +2 vampiric short sword
 G - a +2 short sword of venom
Missiles
 o - 15 javelins (quivered)
 y - 48 poisoned needles
 B - 2 curare-tipped needles
 C - 3 tomahawks
 F - 2 needles of sleeping
Armour
 c - a +0 shield (worn)
 n - a scarf of resistance (worn)
 w - a +0 scale mail (worn)
Magical Staves
 I - an uncursed staff of power
Jewellery
 q - an amulet of rage (around neck)
 t - a ring of see invisible (left hand)
 E - a ring of poison resistance (right hand)
Wands
 l - a wand of random effects (26)
 m - a wand of clouds (3)
Scrolls
 h - a scroll of remove curse
 k - 8 scrolls of identify
 p - 3 scrolls of teleportation
 u - a scroll of enchant weapon {unknown}
 H - a scroll of immolation
 J - a scroll of noise {unknown}
 K - a scroll of blinking
Potions
 d - 2 potions of might
 e - 4 potions of curing
 g - 2 potions of lignification
 r - a potion of brilliance {unknown}
 s - a potion of resistance {unknown}
 A - a potion of mutation {unknown}
 D - a potion of flight {unknown}
Books
 i - Sif Muna's Incunabulum of Arcane Weapons
   (You found it on level 4 of the Dungeon)

   Spells                             Type                      Level
   a - Sting                          Conjuration/Poison           1
 v - a book of Changes

   Spells                             Type                      Level
   a - Beastly Appendage              Transmutation                1
   b - Sticks to Snakes               Transmutation                2
   c - Spider Form                    Transmutation/Poison         3
   d - Ice Form                       Ice/Transmutation            4
   e - Blade Hands                    Transmutation                5
Comestibles
 f - 6 rations


   Skills:
 + Level 9.7 Fighting
 - Level 6.3 Short Blades
 - Level 3.1(4.4) Axes
 + Level 4.8(5.2) Polearms
 - Level 4.0 Armour
 - Level 4.0 Shields


You had 7 spell levels left.
You didn't know any spells.

Dungeon Overview and Level Annotations

Branches:
Dungeon (7/15)             Temple (1/1) D:6

Altars:
Cheibriados
Dithmenos
Elyvilon
Hepliaklqana
Kikubaaqudgha
Makhleb
Nemelex Xobeh
Sif Muna
Trog
Uskayaw
Vehumet
Wu Jian
Xom
Yredelemnul
The Shining One

Shops:
D:6 :


Innate Abilities, Weirdness & Mutations

You reflexively headbutt those who attack you in melee.
You have a pair of horns on your head.


Message History

You block the centaur's attack. The centaur hits you.
The ogre hits you with a giant club!
An ogre comes into view. It is wielding a giant club.
The ogre shouts!
You puncture the centaur!
You headbutt the centaur, but do no damage.
The centaur is severely wounded.
You hear a loud, deep croak!
The centaur hits you! The ogre hits you with a giant club!!
* * * LOW HITPOINT WARNING * * *
The centaur hits you but does no damage.
The centaur wields an uncursed shortbow.
The centaur shoots an arrow.
The arrow hits you but does no damage.
You see here an arrow.
You puncture the centaur!
You kill the centaur!
The Council accepts your kill. The ogre hits you with a giant club!!
You die...

...<.........+
#######.###..#
.######.###..#######
.........'...'.....#
.........#...#.....#
......######.####..#
...... ######^.#
...##. #..().%.# ###
#+ #.(.O@..#
#...##(.#
#.....##### #.......
#.O.......
...........#
............#
.............#
####.##..##..#


You could see 2 ogres.

Vanquished Creatures
  A sky beast (D:7)
  2 black bears
  A phantom (D:6)
  An ogre (D:6)
  3 centaurs
  Blork the orc (D:5)
  A bullfrog (D:6)
  A crimson imp (D:5)
  A bullfrog zombie (D:5)
  A hound (D:4)
  3 orc priests
  A bullfrog skeleton (D:4)
  6 orc wizards
  An iguana (D:6)
  Ijyb (D:4)
  2 worker ants
  A hound skeleton (D:7)
  A worker ant zombie (D:5)
  Robin (D:3)
  8 adders
  2 oozes
  An adder zombie (D:5)
  A worm (D:2)
  7 leopard geckos
  23 orcs
  8 bats
  9 giant cockroaches
  14 goblins
  8 hobgoblins
  18 jackals
  4 quokkas
  A ball python (D:2)
  A ball python zombie (D:5)
  11 frilled lizards
  A giant cockroach zombie (D:6)
  A jackal skeleton (D:5)
  16 kobolds
  6 rats
170 creatures vanquished.

Vanquished Creatures (others)
  An orc wizard (D:4)
  4 toadstools (D:1)
5 creatures vanquished.

Grand Total: 175 creatures vanquished

Notes
Turn   | Place    | Note
-------+----------+-------------------------------------------
     0 | D:1      | teukkam the Minotaur Fighter began the quest for the Orb.
     0 | D:1      | Reached XP level 1. HP: 19/19 MP: 0/0
    58 | D:1      | Reached XP level 2. HP: 24/27 MP: 1/1
   110 | D:1      | Reached skill level 4 in Fighting
   153 | D:1      | Reached XP level 3. HP: 29/33 MP: 2/2
   556 | D:2      | Reached skill level 1 in Short Blades
   631 | D:2      | Reached XP level 4. HP: 37/41 MP: 3/3
   754 | D:2      | Found a burning altar of Makhleb.
  1694 | D:3      | Noticed Robin
  1712 | D:3      | Killed Robin
  1712 | D:3      | Reached skill level 5 in Fighting
  1893 | D:3      | Found a hazy altar of Hepliaklqana.
  1963 | D:3      | Reached XP level 5. HP: 39/48 MP: 4/4
  2600 | D:4      | Reached skill level 6 in Fighting
  2600 | D:4      | Reached XP level 6. HP: 57/57 MP: 5/5
  2763 | D:4      | Found a deep blue altar of Sif Muna.
  2848 | D:4      | Identified Sif Muna's Incunabulum of Arcane Weapons
  2859 | D:5      | Entered Level 5 of the Dungeon
  2880 | D:5      | Noticed Blork the orc
  2892 | D:5      | Killed Blork the orc
  2997 | D:4      | Noticed Ijyb
  3017 | D:4      | Killed Ijyb
  3463 | D:5      | Found a snail-covered altar of Cheibriados.
  3484 | D:5      | Reached skill level 7 in Fighting
  3539 | D:5      | Reached skill level 5 in Short Blades
  3539 | D:5      | Reached XP level 7. HP: 62/66 MP: 6/6
  3785 | D:5      | Reached skill level 8 in Fighting
  4259 | D:6      | Found a bloodstained altar of Trog.
  4288 | D:6      | Found Pitec's Book Boutique.
  4351 | D:6      | Reached skill level 1 in Polearms
  4351 | D:6      | Reached XP level 8. HP: 37/75 MP: 7/7
  4784 | D:6      | Reached skill level 9 in Fighting
  4951 | D:6      | Found a staircase to the Ecumenical Temple.
  5017 | Temple   | Entered the Ecumenical Temple
  5102 | Temple   | Became a worshipper of the Wu Jian Council
  5405 | D:7      | Found a hazy altar of Hepliaklqana.
  5572 | D:7      | Slain by an ogre

Skill      XL: |  1  2  3  4  5  6  7  8 |
---------------+-------------------------+-----
Fighting       | 4 5 6 7 8 9 |  9.7
Armour         | 4 |  4.0
Shields        | 4 |  4.0
Axes           | 3 |  3.1
Short Blades   | 1 2 3 5 6 |  6.3
Polearms       | 1 4 |  4.8

Action                   |  1- 3 |  4- 6 |  7- 9 || total
-------------------------+-------+-------+-------++-------
Melee: War axe           |    55 |       |       ||    55
       Headbutt          |    15 |    28 |    27 ||    70
       Short sword       |    56 |   210 |    69 ||   335
       Trident           |       |       |    63 ||    63
 Fire: Blowgun           |       |    41 |       ||    41
Throw: Javelin           |       |    15 |     3 ||    18
 Abil: Evoke Berserk Rag |       |     1 |       ||     1
  Use: Scroll            |       |     7 |     1 ||     8
       Potion            |       |     1 |       ||     1
  Eat: Chunk             |     1 |     5 |     8 ||    14
       Ration            |     1 |     1 |       ||     2
Armor: Scale mail        |    60 |    77 |    53 ||   190
Dodge: Dodged            |    38 |    61 |    34 ||   133
Block: Shield            |    72 |   101 |    64 ||   237
